 Dungeon Crawl Stone Soup version 0.23-a0-446-g036aa52 (webtiles) character file.

42255 Dfrag the Destroyer (level 14, -5/115 HPs)
             Began as a Naga Fire Elementalist on Nov 18, 2018.
             Was the Champion of Makhleb.
             Slain by a hippogriff (6 damage)
             ... on level 6 of the Lair of Beasts on Nov 19, 2018.
             The game lasted 00:42:50 (17179 turns).

Dfrag the Destroyer (Naga Fire Elementalist)       Turns: 17179, Time: 00:42:53

Health: -5/115     AC:  9    Str: 11    XL:     14   Next: 19%
Magic:  3/30       EV: 10    Int: 24    God:    Makhleb [******]
Gold:   951        SH:  0    Dex: 12    Spells: 8/38 levels left

rFire    + . .     SeeInvis +   R - +7 hand axe "Faigaoce" {venom, rElec rN+}
rCold    + + .     Gourm    .   (no shield)
rNeg     + . .     Faith    .   v - +2 robe {MR+}
rPois    +         Spirit   .   u - +1 hat
rElec    +         Reflect  .   T - scarf {rC+ rF+}
rCorr    .         Harm     .   Y - +0 pair of gloves "Vaigeha" {rC+ Slay+2} (curse)
MR       ++...                  (no barding)
Stlth    +++++.....             w - amulet of regeneration
HPRegen  0.69/turn              b - ring of stealth
MPRegen  0.22/turn              m - +4 ring of intelligence

@: very slow
A: large, see invisible, deformed body, poison resistance, slowness 2, slow
metabolism 1, spit poison 1, constrict 1, AC +4
a: Spit Poison, Minor Destruction, Lesser Servant of Makhleb, Major Destruction,
Greater Servant of Makhleb, Renounce Religion


You were on level 6 of the Lair of Beasts.
You worshipped Makhleb.
Makhleb was exalted by your worship.
You were not hungry.

You visited 2 branches of the dungeon, and saw 18 of its levels.
You also visited: Ossuary and Ice Cave.

You collected 951 gold pieces.

Inventory:

Hand Weapons
 t - a +4 battleaxe
 R - the +7 hand axe "Faigaoce" (weapon) {venom, rElec rN+}
   (You found it on level 11 of the Dungeon)

   It poisons the flesh of those it strikes.
   It insulates you from electricity.
   It protects you from negative energy.
Armour
 u - a +1 hat (worn)
 v - a +2 robe of magic resistance (worn)
 J - a +1 robe of fire resistance
 T - a scarf of resistance (worn)
 Y - the cursed +0 pair of gloves "Vaigeha" (worn) {rC+ Slay+2}
   (You found it in an ice cave)

   It affects your accuracy and damage with ranged weapons and melee attacks
   (+2).
   It protects you from cold.
   It has a curse placed upon it.
Jewellery
 b - a ring of stealth (left hand)
 i - the amulet "Yhurchuor" {Spirit rF+ Int+4}
   (You found it on level 6 of the Dungeon)

   [amulet of guardian spirit]

   It causes incoming damage to be split between your health and magic.
   It affects your intelligence (+4).
   It protects you from fire.
 m - a +4 ring of intelligence (right hand)
 w - an amulet of regeneration (around neck)
 E - an uncursed ring of wizardry
 F - an uncursed ring of protection from fire
 L - an uncursed ring of protection from cold
Wands
 a - a wand of disintegration (28)
 A - a wand of iceblast (18)
 H - a wand of digging (6)
 O - a wand of acid (3)
Scrolls
 e - 4 scrolls of immolation
 f - 4 scrolls of fear
 j - 2 scrolls of blinking {unknown}
 k - 4 scrolls of fog
 l - a scroll of holy word {unknown}
 n - a scroll of magic mapping {unknown}
 o - 11 scrolls of remove curse
 p - 5 scrolls of amnesia
 q - 7 scrolls of teleportation
 y - 3 scrolls of enchant armour {unknown}
 C - a scroll of acquirement {unknown}
 I - a scroll of vulnerability {unknown}
 S - a scroll of brand weapon {unknown}
 V - a scroll of enchant weapon {unknown}
 Z - 2 scrolls of identify
Potions
 d - a potion of heal wounds
 g - 2 potions of berserk rage {unknown}
 h - 9 potions of curing
 r - 2 potions of haste
 s - a potion of ambrosia
 z - 3 potions of flight
 B - 3 potions of lignification
 D - a potion of mutation {unknown}
 G - 2 potions of agility {unknown}
 K - 5 potions of degeneration {unknown}
 N - 2 potions of might
 P - a potion of brilliance {unknown}
 Q - a potion of invisibility {unknown}
 W - 2 potions of magic {unknown}
 X - a potion of cancellation {unknown}
Miscellaneous
 U - a lightning rod (4/4)
Comestibles
 c - 31 rations
 x - 3 chunks of flesh


   Skills:
 + Level 4.7 Fighting
 - Level 1.5 Dodging
 + Level 8.3 Stealth
 + Level 12.6 Spellcasting
 + Level 13.4 Conjurations
 - Level 13.0 Fire Magic


You had 8 spell levels left.
You knew the following spells:

 Your Spells              Type           Power        Failure   Level  Hunger
a - Flame Tongue          Conj/Fire      #####        1%          1    None
b - Conjure Flame         Conj/Fire      ######..     1%          3    None
c - Sticky Flame          Conj/Fire      ######..     1%          4    None
d - Fireball              Conj/Fire      ######....   1%          5    ###....
e - Orb of Destruction    Conj           ######....   14%         7    ######.
f - Iskenderun's Battles  Conj/Chrm      #####...     7%          5    ###....
g - Venom Bolt            Conj/Pois      #####.....   7%          5    ###....

Your spell library contained the following spells:

 Spells                   Type           Power        Failure   Level  Hunger
 Throw Flame              Conj/Fire      ######       1%          2    None
 Inner Flame              Hex/Fire       #####...     1%          3    None
 Bolt of Magma            Conj/Fire/Erth ######....   3%          5    ###....
 Animate Skeleton         Necr           N/A          4%          1    None
 Apportation              Tloc           ###...       4%          1    None
 Confusing Touch          Hex            ###...       4%          1    None
 Summon Butterflies       Summ           ###.....     4%          1    None
 Summon Small Mammal      Summ           ###.         4%          1    None
 Call Canine Familiar     Summ           ###.....     12%         3    None
 Confuse                  Hex            ###.....     12%         3    None
 Gell's Gravitas          Tloc           ###.......   12%         3    None
 Iron Shot                Conj/Erth      #####.....   36%         6    #####..
 Petrify                  Tmut/Erth      ###.....     38%         4    None
 Summon Ice Beast         Ice/Summ       ###.....     38%         4    None
 Metabolic Englaciation   Hex/Ice        ###.......   75%         5    ###....
 Summon Mana Viper        Hex/Summ       ###.....     75%         5    ###....
 Yara's Violent Unravell  Hex/Tmut       ###.......   75%         5    ###....
 Spellforged Servitor     Conj/Summ      #####.....   91%         7    ######.
 Summon Hydra             Summ           ###.......   100%        7    ######.


Dungeon Overview and Level Annotations

Branches:
Dungeon (12/15)            Temple (0/1) D:7            Lair (6/6) D:10
 Shoals (0/4) Lair:2        Snake (0/4) Lair:2        Slime (0/5) Lair:5
    Orc (0/2) D:9

Altars:
Hepliaklqana
Kikubaaqudgha
Makhleb
Qazlal
Ru
Beogh
Jiyva

Shops:
D:10 }   D:11 %


Innate Abilities, Weirdness & Mutations

You cannot wear boots.
Your serpentine skin is tough. (AC +4)
You have supernaturally acute eyesight. (SInv)
Armour fits poorly on your strangely shaped body.
Your system is resistant to poisons. (rPois)
You cover ground very slowly.
You have a slow metabolism.
You can spit poison.
You can use your snake-like lower body to constrict enemies.


Message History

You hit the plant but do no damage. You constrict the hippogriff.
The hippogriff bites you.
* * * LOW HITPOINT WARNING * * *
The hippogriff pecks you.
* * * LOW HITPOINT WARNING * * *
The hippogriff claws you but does no damage.
Some of the chunks of flesh in your inventory have rotted away.
You hit the hippogriff.
The hippogriff is severely wounded.
You hit the plant but do no damage.
The plant looks as sick as possible!
You constrict the hippogriff. The hippogriff bites you!
* * * LOW HITPOINT WARNING * * *
The hippogriff pecks you!
* * * LOW HITPOINT WARNING * * *
The hippogriff claws you.
* * * LOW HITPOINT WARNING * * *
The hippogriff bites you.
* * * LOW HITPOINT WARNING * * *
The hippogriff pecks you.
You die...

#.............P##.
#......##..#......
♣.....###...#....?
♣...####.#..#....
#♣..# #.#....#
#..###..÷..##
#♣..###†....###
♣.PP.÷#...P.P#..
#@HP..÷....P....
#...###...##P.#.
#..## ##### ###
♣..# ####


You could see a hippogriff.

Vanquished Creatures
  A frost giant (IceCv)
  Harold (D:9)
  Erica (D:10)
  4 hydras
  Nergalle (Lair:4)
  An unseen horror (D:11)
  An ugly thing (D:11)
  Maurice (D:8)
  A centaur zombie (D:11)
  Psyche (D:8)
  4 elephants (Lair:6)
  An ice statue (IceCv)
  2 torpor snails (Lair:6)
  3 black mambas
  A centaur skeleton (D:10)
  10 spiny frogs
  5 rime drakes
  4 komodo dragons
  A troll (D:10)
  21 polar bears
  A hornet (D:7)
  11 blink frogs
  Prince Ribbit (D:8)
  A slime creature (Lair:4)
  5 hippogriffs
  Sigmund (D:5)
  3 wyverns
  2 wraiths (Ossuary)
  38 yaks
  A hungry ghost (D:11)
  2 basilisks
  3 nagas (Lair:2)
  4 water moccasins
  Duvessa (D:4)
  8 porcupines
  A black bear (D:11)
  A swamp drake (D:10)
  3 ice beasts
  3 sky beasts
  6 orc warriors
  A phantom (D:11)
  A necrophage (D:10)
  6 ogres
  10 crocodiles
  22 wolves
  14 centaurs
  7 bullfrogs
  A big kobold (D:9)
  4 scorpions
  Dowan (D:4)
  10 killer bees
  12 wights
  3 howler monkeys
  A crimson imp (D:11)
  9 hounds
  An iron imp (D:5)
  6 orc priests
  7 jellies
  2 bullfrog skeletons
  14 orc wizards
  4 iguanas
  10 worker ants
  A killer bee zombie (D:10)
  A hound zombie (D:6)
  A hound skeleton (D:6)
  3 gnolls
  20 adders
  2 shadow imps (D:5)
  A white imp (D:5)
  13 oozes
  An adder skeleton (D:6)
  An adder zombie (Ossuary)
  3 worms
  A dart slug (D:1)
  6 leopard geckos
  46 orcs
  10 giant cockroaches
  13 goblins
  7 hobgoblins
  14 jackals
  14 kobolds
  8 quokkas
  A ball python (D:2)
  A ball python skeleton (Ossuary)
  9 bats
  6 frilled lizards
  2 hobgoblin skeletons (Ossuary)
  A hobgoblin zombie (Ossuary)
  2 leopard gecko skeletons
  An orc skeleton (Ossuary)
  2 orc zombies (Ossuary)
  A quokka skeleton (D:5)
  9 rats
  A fungus (Lair:4)
  2 plants (Lair:6)
511 creatures vanquished.

Vanquished Creatures (others)
  3 bushes (Lair:6)
  23 fungi
  11 plants
37 creatures vanquished.

Grand Total: 548 creatures vanquished

Notes
Turn   | Place    | Note
-------+----------+-------------------------------------------
     0 | D:1      | Dfrag the Naga Fire Elementalist began the quest for the
                  | Orb.
     0 | D:1      | Reached XP level 1. HP: 15/15 MP: 3/3
   136 | D:1      | Reached XP level 2. HP: 22/22 MP: 3/5
   299 | D:1      | Reached XP level 3. HP: 2/28 MP: 1/6
   574 | D:2      | Found an ancient bone altar of Kikubaaqudgha.
   748 | D:2      | Reached XP level 4. HP: 33/36 MP: 2/8
   881 | D:2      | Reached XP level 5. HP: 33/42 MP: 1/9
  1233 | D:2      | Learned a level 3 spell: Conjure Flame
  1238 | D:2      | Learned a level 4 spell: Sticky Flame
  1498 | D:3      | Reached XP level 6. HP: 36/49 MP: 5/11
  2656 | D:4      | Reached skill level 5 in Fire Magic
  2656 | D:4      | Reached XP level 7. HP: 48/55 MP: 4/13
  2701 | D:4      | Noticed Dowan
  2702 | D:4      | Noticed Duvessa
  2723 | D:4      | Killed Dowan
  2727 | D:4      | Killed Duvessa
  3437 | D:5      | Entered Level 5 of the Dungeon
  3448 | D:5      | Reached skill level 5 in Conjurations
  3450 | D:5      | Reached skill level 5 in Spellcasting
  3450 | D:5      | Reached XP level 8. HP: 59/62 MP: 7/15
  3692 | D:5      | Noticed Sigmund
  3729 | D:5      | Killed Sigmund
  3739 | D:5      | Found a burning altar of Makhleb.
  3746 | D:5      | Noticed a cacodemon
  3749 | D:5      | Noticed a hellwing
  3749 | D:5      | Noticed a hellwing
  3751 | D:5      | Became a worshipper of Makhleb the Destroyer
  4846 | D:6      | Found a sand-covered staircase.
  4850 | Ossuary  | Entered an ossuary
  4883 | Ossuary  | Reached XP level 9. HP: 65/68 MP: 13/18
  4927 | Ossuary  | Reached * piety under Makhleb
  5174 | D:6      | Got a warped platinum amulet
  5175 | D:6      | Identified the amulet "Yhurchuor" {Spirit rF+ Int+4} (You
                  | found it on level 6 of the Dungeon)
  5270 | D:6      | Found a hazy altar of Hepliaklqana.
  5557 | D:7      | Found a staircase to the Ecumenical Temple.
  6046 | D:7      | Noticed a hornet
  6053 | D:7      | Killed a hornet
  6617 | D:8      | Noticed Prince Ribbit
  6623 | D:8      | Killed Prince Ribbit
  6779 | D:8      | Reached XP level 10. HP: 75/75 MP: 12/21
  6936 | D:8      | Noticed Maurice
  6942 | D:8      | Reached ** piety under Makhleb
  6943 | D:8      | Noticed Psyche
  6952 | D:7      | Learned a level 5 spell: Fireball
  7032 | D:8      | You fall through a shaft for 2 floors!
  7032 | D:10     | Entered Level 10 of the Dungeon
  7551 | D:9      | Found a sacrificial altar of Ru.
  7552 | D:9      | Noticed Harold
  7563 | D:9      | Killed Harold
  7618 | D:9      | Reached *** piety under Makhleb
  7808 | D:9      | Found a roughly hewn altar of Beogh.
  7808 | D:9      | Found a staircase to the Orcish Mines.
  7891 | D:8      | Killed Maurice
  7994 | D:8      | Killed Psyche
  8100 | D:9      | Reached skill level 10 in Fire Magic
  8100 | D:9      | Reached XP level 11. HP: 55/81 MP: 7/23
  8288 | D:10     | Found Vivoq's Gadget Emporium.
  8472 | D:10     | Reached skill level 10 in Conjurations
  8751 | D:10     | Reached **** piety under Makhleb
  8880 | D:10     | Found a staircase to the Lair.
  9001 | D:10     | Noticed Erica
  9009 | D:10     | Killed Erica
  9557 | D:11     | Noticed a green ugly thing
  9819 | D:11     | Got a dazzling hand axe
  9820 | D:11     | Identified the +7 hand axe "Faigaoce" {venom, rElec rN+}
                  | (You found it on level 11 of the Dungeon)
  9922 | D:11     | Killed a green ugly thing
  9922 | D:11     | Reached skill level 10 in Spellcasting
 10072 | D:11     | Noticed an unseen horror
 10076 | D:11     | Killed an unseen horror
 10244 | D:11     | Reached ***** piety under Makhleb
 10259 | D:11     | Reached XP level 12. HP: 88/88 MP: 6/26
 10429 | D:11     | Found Hedix's Food Boutique.
 10685 | D:12     | Noticed a two-headed ogre
 10773 | Lair:1   | Entered Level 1 of the Lair of Beasts
 11216 | Lair:1   | Noticed a four-headed hydra
 11220 | Lair:1   | Killed a four-headed hydra
 11646 | Lair:2   | Noticed an eight-headed hydra
 12032 | Lair:2   | Learned a level 7 spell: Orb of Destruction
 12046 | Lair:2   | Learned a level 5 spell: Iskenderun's Battlesphere
 12052 | Lair:2   | Learned a level 5 spell: Venom Bolt
 12091 | Lair:2   | Killed an eight-headed hydra
 12142 | Lair:2   | Found a staircase to the Shoals.
 12205 | Lair:2   | Found a staircase to the Snake Pit.
 13123 | Lair:3   | Got a transparent mace
 13130 | Lair:3   | You fall through a shaft for 2 floors!
 13301 | Lair:5   | Found a viscous altar of Jiyva.
 13305 | Lair:5   | Found a staircase to the Slime Pits.
 13368 | Lair:5   | Gained mutation: You can use your snake-like lower body to
                  | constrict enemies. [Naga growth]
 13368 | Lair:5   | Reached XP level 13. HP: 48/94 MP: 1/28
 13421 | Lair:5   | Found a frozen archway.
 13473 | IceCv    | Entered an ice cave
 14232 | IceCv    | Reached skill level 1 in Fighting
 14491 | IceCv    | Noticed a frost giant
 14496 | IceCv    | Reached ****** piety under Makhleb
 14626 | IceCv    | Killed a frost giant
 14626 | IceCv    | Reached skill level 5 in Stealth
 14685 | IceCv    | Got a pair of smoking gloves
 14696 | IceCv    | Identified the cursed +0 pair of gloves "Vaigeha" {rC+
                  | Slay+2} (You found it in an ice cave)
 14960 | Lair:5   | Identified the cursed +3 mace "Leweul" {speed, +Blink} (You
                  | found it on level 3 of the Lair of Beasts)
 15713 | Lair:4   | Noticed Nergalle
 15719 | Lair:4   | Killed Nergalle
 15831 | Lair:4   | Found a stormy altar of Qazlal.
 15896 | Lair:4   | Reached XP level 14. HP: 112/112 MP: 3/30
 16895 | Lair:6   | Entered Level 6 of the Lair of Beasts
 17179 | Lair:6   | HP: 5/115 [hippogriff (7)]
 17179 | Lair:6   | HP: 1/115 [hippogriff (3)]
 17179 | Lair:6   | Slain by a hippogriff

Vault maps used:
D:1:      minmay_arrival_jagged
D:2:      minmay_razor_zed, kiku_gazebo_garden_becter, first_ration,
          minmay_3d_cube
D:3:      roderic_serpentine_path
D:4:      grunt_ministairs_9, uniq_duvessa
D:5:      makhleb_altar_promises_db, uniq_sigmund
D:6:      enter_ossuary_5, basic_altar
D:7:      minmay_temple_entry_statues_pillars, chequers_serial_rivers_micro_c
D:8:      uniq_maurice, uniq_prince_ribbit1, uniq_psyche
D:9:      david_orc_5, nicolae_ru_great_annihilating_truth, uniq_harold
D:10:     erik_lair_dragon, serial_shops, nicolae_shop_statue_plus, uniq_erica
D:11:     serial_shops, nicolae_shop_trees
D:12:     hourglass_vault
Lair:1:   lemuel_fruit_tree, infiniplex_staircase_pool
Lair:2:   shoals_dummy_entry, guppyfry_snake_entry_island
Lair:3:   guppyfry_lair_drakes
Lair:4:   lemuel_slime, basic_altar, uniq_nergalle
Lair:5:   slime_altar_1, nicolae_volcano_entry_s_turn, portal_ice_cave_rime,
          st_stairs_7, beast_lair_carwin_5
Lair:6:   due_jungle_book, cheibrodos_lair_lostbears
Ossuary:  ossuary_due_cavern
IceCv:    ice_cave_caverns_01

Skill      XL: |  1  2  3  4  5  6  7  8  9 10 11 12 13 14 |
---------------+-------------------------------------------+-----
Conjurations   | 2 3 4 5 6 8 9 10 12 13 | 13.4
Spellcasting   | 3 4 5 6 7 8 10 11 12 | 12.6
Fire Magic     | 4 5 6 7 8 10 11 12 13 | 13.0
Fighting       | 3 4 |  4.7
Stealth        | 7 8 |  8.3
Dodging        | |  1.5

Action                   |  1- 3 |  4- 6 |  7- 9 | 10-12 | 13-15 || total
-------------------------+-------+-------+-------+-------+-------++-------
Melee: Unarmed           |    14 |       |    18 |       |       ||    32
       Long sword        |       |    13 |    65 |       |       ||    78
       Battleaxe         |       |       |    81 |   157 |       ||   238
       Hand axe          |       |       |       |    55 |   143 ||   198
       Constrict         |       |       |       |       |    30 ||    30
 Cast: Flame Tongue      |    41 |    80 |   103 |   129 |    47 ||   400
       Sticky Flame      |       |     8 |    33 |    94 |    64 ||   199
       Conjure Flame     |       |       |     3 |     3 |       ||     6
       Fireball          |       |       |       |    70 |    51 ||   121
       Iskenderun's Batt |       |       |       |     1 |       ||     1
       Venom Bolt        |       |       |       |       |     6 ||     6
Invok: Minor Destruction |       |       |       |     1 |       ||     1
 Abil: Spit Poison       |    21 |    14 |    26 |    36 |     8 ||   105
Evoke: Wand              |       |       |     6 |     6 |     2 ||    14
  Use: Scroll            |       |       |    14 |     3 |     3 ||    20
       Potion            |       |       |     3 |     3 |     4 ||    10
 Stab: Sleeping          |       |       |     8 |     3 |       ||    11
  Eat: Chunk             |     1 |     7 |    17 |    37 |    13 ||    75
       Ration            |       |       |       |       |     1 ||     1
Armor: Robe              |     9 |    17 |   125 |   179 |   108 ||   438
       Skin              |       |       |     7 |    13 |    45 ||    65
Dodge: Dodged            |    29 |    52 |   149 |   277 |   146 ||   653
       Rpst.: Long sword |       |    13 |    25 |       |       ||    38

Table legend:
 A = Non-vault XP
 B = Vault XP
 C = Vault XP percentage of total XP
 D = Non-vault monster count
 E = Vault monster count
 F = Vault count percentage of total count
                 A         B        C        D         E       F
            +---------+---------+-------+---------+---------+-------
      Total |   34937 |   25428 |  42.1 |     348 |     160 |  31.5
            +---------+---------+-------+---------+---------+-------
        D:1 |      51 |       0 |   0.0 |      22 |       0 |   0.0
        D:2 |     158 |     120 |  43.2 |      22 |      16 |  42.1
        D:3 |     187 |       0 |   0.0 |      23 |       0 |   0.0
        D:4 |     286 |     367 |  56.2 |      15 |       4 |  21.1
        D:5 |     729 |     223 |  23.4 |      29 |       1 |   3.3
        D:6 |     352 |       0 |   0.0 |      17 |       0 |   0.0
        D:7 |    1298 |       0 |   0.0 |      23 |       0 |   0.0
        D:8 |     880 |    1187 |  57.4 |      13 |       3 |  18.8
        D:9 |    1655 |    1503 |  47.6 |      36 |      26 |  41.9
       D:10 |    3849 |    1643 |  29.9 |      43 |       6 |  12.2
       D:11 |    4063 |       0 |   0.0 |      27 |       0 |   0.0
       D:12 |     565 |       0 |   0.0 |       5 |       0 |   0.0
     Lair:1 |    3980 |       0 |   0.0 |      14 |       0 |   0.0
     Lair:2 |    2807 |     492 |  14.9 |      10 |       3 |  23.1
     Lair:3 |     755 |     625 |  45.3 |       3 |       4 |  57.1
     Lair:4 |    3456 |    1317 |  27.6 |      16 |      18 |  52.9
     Lair:5 |    5588 |    3691 |  39.8 |      18 |      10 |  35.7
     Lair:6 |    4278 |     594 |  12.2 |      12 |       2 |  14.3
    Ossuary |       0 |     587 | 100.0 |       0 |      13 | 100.0
      IceCv |       0 |   13079 | 100.0 |       0 |      54 | 100.0
            +---------+---------+-------+---------+---------+-------
